 Dungeon Crawl Stone Soup version 0.24.0-13-gcf9b3192b9 (webtiles) character file.

Game seed: 12061029637242324906, levelgen mode: deterministic

5219 Lanoc the Cleaver (level 10, -4/150 HPs)
             Began as a Troll Gladiator on Nov 6, 2019.
             Was a Follower of Uskayaw.
             Slain by an orc
             ... wielding a +0 trident
              (9 damage)
             ... in a bailey.
             The game lasted 00:17:20 (6479 turns).

Lanoc the Cleaver (Troll Gladiator)                 Turns: 6479, Time: 00:17:21

Health: -4/150     AC:  7    Str: 29    XL:     10   Next: 35%
Magic:  11/11      EV: 15    Int:  4    God:    Uskayaw [*.....]
Gold:   370        SH:  0    Dex: 19    Spells: 9/9 levels left

rFire    . . .     SeeInvis .   F - +0 war axe (vamp)
rCold    . . .     Gourm    +   (no shield)
rNeg     . . .     Faith    .   b - +0 robe
rPois    .         Spirit   .   c - +1 hat
rElec    .         Reflect  .   (no cloak)
rCorr    .         Harm     .   (gloves unavailable)
MR       +....                  (boots unavailable)
Stlth    ..........             (no amulet)
HPRegen  0.75/turn              e - ring of protection from magic
MPRegen  0.12/turn              w - +5 ring of dexterity

@: berserking, very quick
A: large, unfitting armour, claws 3, fast metabolism 3, gourmand, regeneration
1, shaggy fur 1, tough skin 3
a: Stomp, Renounce Religion


You were in a bailey.
You worshipped Uskayaw.
Uskayaw was noncommittal.
You were not hungry.

You visited 2 branches of the dungeon, and saw 11 of its levels.
You also visited: Sewer, Ossuary and Bailey.

You collected 370 gold pieces.

Inventory:

Hand Weapons
 A - a +0 broad axe
 C - a +2 war axe of electrocution
 E - a +0 arbalest
 F - a +0 vampiric war axe (weapon)
Missiles
 d - 90 bolts
 m - 2 atropa-tipped darts (quivered)
Armour
 b - a +0 robe (worn)
 c - a +1 hat (worn)
Jewellery
 e - a ring of protection from magic (left claw)
 q - an uncursed ring of protection from fire
 u - an uncursed ring of flight
 w - a +5 ring of dexterity (right claw)
Wands
 B - a wand of flame (15)
 D - a wand of polymorph (6)
 G - a wand of iceblast (8)
Scrolls
 a - a scroll of silence {unknown}
 i - 9 scrolls of identify
 j - a scroll of immolation
 r - 2 scrolls of teleportation
 t - 7 scrolls of remove curse
 x - a scroll of enchant armour
 y - a scroll of fog
Potions
 g - 2 potions of might
 h - a potion of mutation {unknown}
 k - 3 potions of magic
 l - 4 potions of curing
 o - 2 potions of ambrosia {unknown}
 p - 2 potions of lignification {unknown}
 s - a potion of flight
 v - 2 potions of cancellation {unknown}
Comestibles
 f - 19 rations


   Skills:
 + Level 6.3 Fighting
 * Level 9.2 Axes
 - Level 1.7 Throwing
 + Level 6.6 Dodging
 + Level 3.7 Invocations


You had 9 spell levels left.
You didn't know any spells.
Your spell library contained the following spells:

 Spells                   Type           Power        Failure   Level  Hunger
 Beastly Appendage        Tmut           #.....       50%         1    ##.....
 Flame Tongue             Conj/Fire      #....        50%         1    ##.....
 Freeze                   Ice            #...         50%         1    ##.....
 Magic Dart               Conj           #...         50%         1    ##.....
 Blink                    Tloc           N/A          65%         2    ###....
 Call Imp                 Summ           #.......     65%         2    ###....
 Slow                     Hex            #.......     65%         2    ###....
 Sticks to Snakes         Tmut           #.......     65%         2    ###....
 Throw Flame              Conj/Fire      #.....       65%         2    ###....
 Throw Frost              Conj/Ice       #.....       65%         2    ###....
 Conjure Flame            Conj/Fire      #.......     86%         3    ####...
 Inner Flame              Hex/Fire       #.......     86%         3    ####...
 Mephitic Cloud           Conj/Pois/Air  #.......     86%         3    ####...
 Ozocubu's Armour         Chrm/Ice       #.......     86%         3    ####...
 Spider Form              Tmut/Pois      #.........   86%         3    ####...
 Ice Form                 Ice/Tmut       #.......     99%         4    #####..
 Sticky Flame             Conj/Fire      #.......     99%         4    #####..
 Summon Ice Beast         Ice/Summ       #.......     99%         4    #####..
 Throw Icicle             Conj/Ice       #.......     99%         4    #####..
 Blade Hands              Tmut           #.........   100%        5    ######.
 Fireball                 Conj/Fire      #.........   100%        5    ######.


Dungeon Overview and Level Annotations

Branches:
Dungeon (10/15)            Temple (1/1) D:7           Sewer (visited)
Ossuary (visited)          Bailey (1/1)
   Lair: D:8-11         Orc: D:9-12

Altars:
Ashenzari
Cheibriados
Dithmenos
Elyvilon
Fedhas
Gozag
Hepliaklqana
Kikubaaqudgha
Makhleb
Nemelex Xobeh
Okawaru
Qazlal
Ru
Sif Muna
Trog
Uskayaw
Vehumet
Wu Jian
Xom
Yredelemnul
Zin
The Shining One


Innate Abilities, Weirdness & Mutations

You are too large for most types of armour.
You have claws for hands.
Your metabolism is lightning-fast.
You like to eat raw meat.
Your natural rate of healing is unusually fast.
You are covered in fur. (AC +1)
You have extremely tough skin. (AC +3)


Message History

You closely miss the orc.
The orc warrior hits you with a +0 halberd!!
* * * LOW HITPOINT WARNING * * *
The orc hits you but does no damage.
A red film seems to cover your vision as you go berserk!
You feel yourself moving faster!
You feel mighty! The orc misses you. The orc warrior completely misses you.
The orc hits you from afar with a +0 trident.
* * * LOW HITPOINT WARNING * * *
You slash the orc warrior!
The orc warrior is almost dead.
You hit the orc.
You kill the orc!
You slice the orc warrior!!
You feel better.
You kill the orc warrior!
An orc comes into view. It is wielding a +0 trident.
The orc hits you but does no damage.
You barely miss the orc. The orc hits you but does no damage.
The orc hits you from afar with a +0 trident!
You die...

≈≈≈≈.................≈≈≈≈≈.. ...
#.#≈≈...............≈≈#)#≈≈.
...≈##.##≈...............≈##.##≈.
...≈..^.)≈...............≈)(^.o≈.
...≈##.∩#≈...............≈#∩.##≈.
...≈≈#)#≈≈......###......≈≈#(#≈≈.
....≈≈≈≈≈....#########....≈≈≈≈≈..
............##oo.....##..........
...........##..#@#'#..##.........
...........#o. #)#.##..#.........
..........##. #######.##........
..........## #.'.##........
..........# ###.##........
..........# #.')##........
..........## ###.##........
...........# #..##........
...........# #............


You could see 2 orcs.

Vanquished Creatures
  An ugly thing (D:10)
  2 centaur zombies
  A wyvern (D:9)
  10 orc warriors
  A black bear (D:9)
  An ice beast (D:5)
  A necrophage (D:10)
  3 ogres
  A phantom (D:6)
  2 sky beasts
  5 centaurs
  Blork the orc (D:6)
  2 big kobolds
  2 bullfrogs (D:6)
  An elf zombie (Ossuary)
  2 wyvern skeletons
  2 scorpions
  A water moccasin skeleton (D:8)
  8 howler monkeys
  7 crimson imps
  A hound (D:4)
  A jelly (D:8)
  2 orc priests
  A human zombie (Ossuary)
  2 bullfrog skeletons
  3 iguanas
  8 orc wizards
  4 worker ants
  A killer bee zombie (D:8)
  A big kobold zombie (Ossuary)
  5 hound zombies
  4 mummies (Ossuary)
  6 adders
  4 gnolls (D:5)
  A howler monkey skeleton (D:5)
  A shadow imp (D:5)
  2 oozes
  An adder skeleton (D:4)
  A worm (D:4)
  A dart slug (D:1)
  4 leopard geckos
  41 orcs
  2 gnoll zombies (Ossuary)
  A goblin (D:3)
  2 hobgoblins (D:4)
  4 jackals (D:7)
  3 quokkas
  3 ball pythons (Sewer)
  2 bats (D:4)
  7 frilled lizards
  2 goblin zombies (Ossuary)
  A hobgoblin zombie (Ossuary)
  A jackal zombie (Ossuary)
  10 kobolds
  2 leopard gecko zombies
  A quokka zombie (D:7)
  2 rat zombies (Ossuary)
192 creatures vanquished.

Notes
Turn   | Place    | Note
-------+----------+-------------------------------------------
     0 | D:1      | Lanoc the Troll Gladiator began the quest for the Orb.
     0 | D:1      | Reached XP level 1. HP: 19/19 MP: 0/0
    46 | D:2      | Found a blossoming altar of Fedhas.
    89 | D:2      | Reached XP level 2. HP: 15/28 MP: 1/1
   153 | D:2      | Found a sparkling altar of Nemelex Xobeh.
   172 | D:2      | Reached skill level 3 in Axes
   277 | D:3      | Reached XP level 3. HP: 35/35 MP: 2/2
   324 | D:4      | Noticed an ogre
   332 | D:4      | Killed an ogre
   332 | D:4      | Reached XP level 4. HP: 44/44 MP: 3/3
   352 | D:4      | Found a glowing drain.
   377 | Sewer    | Entered a sewer
   430 | Sewer    | Reached XP level 5. HP: 50/50 MP: 4/4
   660 | D:4      | Reached skill level 4 in Axes
   670 | D:4      | Reached XP level 6. HP: 8/59 MP: 5/5
  1438 | D:5      | Entered Level 5 of the Dungeon
  1676 | D:5      | Reached skill level 5 in Axes
  1676 | D:5      | Reached XP level 7. HP: 67/67 MP: 6/6
  2492 | D:6      | Reached skill level 6 in Axes
  2492 | D:6      | Reached XP level 8. HP: 21/78 MP: 7/7
  2660 | D:6      | Noticed Blork the orc
  2676 | D:6      | Killed Blork the orc
  2736 | D:6      | Reached skill level 5 in Dodging
  2824 | D:6      | Reached skill level 7 in Axes
  2841 | D:6      | Found a hide-covered altar of Uskayaw.
  2842 | D:6      | Found a snail-covered altar of Cheibriados.
  3006 | D:7      | Found a staircase to the Ecumenical Temple.
  3028 | D:7      | Reached skill level 5 in Fighting
  3056 | D:7      | Found a sand-covered staircase.
  3065 | Ossuary  | Entered an ossuary
  3148 | Ossuary  | Reached XP level 9. HP: 85/88 MP: 8/8
  3289 | Temple   | Entered the Ecumenical Temple
  3520 | D:6      | Became a worshipper of Uskayaw the Reveler
  3541 | D:7      | Reached * piety under Uskayaw
  3619 | D:7      | Reached ** piety under Uskayaw
  3787 | D:7      | Found a stormy altar of Qazlal.
  4266 | D:8      | Reached skill level 1 in Invocations
  4272 | D:8      | Reached *** piety under Uskayaw
  4278 | D:8      | Reached **** piety under Uskayaw
  4340 | D:8      | Reached skill level 8 in Axes
  4713 | D:9      | Found a white marble altar of Elyvilon.
  4735 | D:9      | Reached ***** piety under Uskayaw
  4884 | D:9      | Found a stormy altar of Qazlal.
  5491 | D:10     | Entered Level 10 of the Dungeon
  5514 | D:10     | Reached XP level 10. HP: 98/98 MP: 11/11
  5551 | D:10     | Found a flagged portal.
  5555 | D:10     | Noticed a cyan ugly thing
  5571 | D:10     | Killed a cyan ugly thing
  5622 | D:10     | Reached skill level 9 in Axes
  5640 | Bailey   | Entered a bailey
  5828 | Bailey   | HP: 1/98 [orc warrior (10)]
  5839 | Bailey   | HP: 1/98 [orc/bolt (9)]
  6475 | Bailey   | HP: 2/100 [orc warrior/+0 halberd (22)]
  6479 | Bailey   | Slain by an orc

Levels and vault maps discovered:
D:1:      saegor_arrival_simple_e, layout_basic
D:2:      layout_loops_ring, nemelex_xobeh_ov_fountains_minmay,
          old_standard_altar, tgw_fedhas, uniq_natasha
D:3:      layout_rooms, chequers_ecumenical_altar_lobes, first_ration,
          elyvilon_altar_4, uniq_grinder
D:4:      cheibrodos_thug_alley, layout_basic, cheibrodos_sewer_entry_sluice
D:5:      layout_basic, serial_co_window_serial, co_window_corner_a,
          co_window_corner_a, co_window_of_opportunity_a,
          co_window_of_opportunity_a, co_window_corner_a, co_window_2corner,
          co_window_unsneaky_path_e, co_window_2corner,
          co_window_unsneaky_path_e, co_window_unsneaky_path_d,
          co_window_of_opportunity_c, co_window_2corner, glass_columns_b
D:6:      layout_cave_pools, nicolae_overflow_hidden_temple, uniq_blork_the_orc
D:7:      layout_gridville, minmay_temple_entry_junction_2, basic_altar,
          lightli_ossuary_entry_decrepit_ruins
D:8:      layout_loops_ring, blue_anna_alchemist [blue_anna_fruit_fields,
          blue_anna_fruit_fields]
D:9:      layout_basic, basic_altar, grunt_qazlal_clouds
D:10:     layout_irregular_city, enter_bailey_2
Temple:   hc_temple_tempest_star
Bailey:   bailey_polearm_2, bailey

Skill      XL: |  1  2  3  4  5  6  7  8  9 10 |
---------------+-------------------------------+-----
Fighting       | 2 3 4 5 6 |  6.3
Axes           | 3 4 5 6 7 8 9 |  9.2
Dodging        | 3 4 5 6 |  6.6
Invocations    | 2 3 |  3.7
Throwing       | |  1.7

Action                   |  1- 3 |  4- 6 |  7- 9 | 10-12 || total
-------------------------+-------+-------+-------+-------++-------
Melee: War axe           |    40 |   127 |   359 |    79 ||   605
 Fire: Arbalest          |       |       |       |    40 ||    40
Throw: Throwing net      |     1 |       |       |     2 ||     3
Evoke: Wand              |       |       |       |     2 ||     2
  Use: Scroll            |     7 |       |    11 |     1 ||    19
       Potion            |       |       |       |     4 ||     4
 Stab: Paralysed         |       |       |     5 |     2 ||     7
       Sleeping          |       |       |       |     1 ||     1
  Eat: Chunk             |     2 |    18 |    37 |     2 ||    59
Armor: Robe              |    18 |    57 |   124 |    15 ||   214
Dodge: Dodged            |    14 |   101 |   275 |    93 ||   483
